 Dungeon Crawl Stone Soup version 0.31-a0-795-g5eb97db20b (webtiles) character file.

Game seed: 12769796988301413725

10725 senseless the Thaumaturge (level 11, -12/54 HPs)
             Began as a Deep Elf Conjurer on Sept 18, 2023.
             Was an Elder of Vehumet.
             Killed from afar by a wizard (41 damage)
             ... with a fireball
             ... on level 10 of the Dungeon.
             The game lasted 00:40:57 (11960 turns).

senseless the Thaumaturge (Deep Elf Conjurer)      Turns: 11960, Time: 00:40:58

Health: -12/54     AC: 11    Str:  4    XL:     11   Next: 39%
Magic:  21/30      EV: 22    Int: 34    God:    Vehumet [****..]
Gold:   505        SH:  5    Dex: 22    Spells: 25/37 levels left

rFire   . . .        B - staff of conjuration
rCold   . . .        (no shield)
rNeg    . . .        D - +1 steam dragon scales
rPois   +            (no helmet)
rElec   .            E - +0 cloak
rCorr   +            u - +2 pair of gloves
SInv    .            r - +0 pair of boots
Will    +++..        k - amulet "Ytusirul" {Reflect rPois Dex+3 SH+5}
Stlth   +++          i - +6 ring of intelligence
HPRegen 0.29/turn    H - ring "Piown" {Will++ rCorr Dex+6}
MPRegen 0.22/turn

%: reflection
@: no status effects
A: no striking features
a: Renounce Religion


You were on level 10 of the Dungeon.
You worshipped Vehumet.
Vehumet was greatly pleased with you.
You visited 2 branches of the dungeon, and saw 11 of its levels.
You also visited: Sewer and Bailey.

You collected 505 gold pieces.

Inventory:

Hand Weapons
 J - a +3 orcbow
 L - a +3 scimitar of flaming
Missiles
 a - a curare-tipped dart
 l - 2 atropa-tipped darts
Armour
 r - a +0 pair of boots (worn)
 u - a +2 pair of gloves (worn)
 D - +1 steam dragon scales (worn)
 E - a +0 cloak (worn)
Magical Staves
 B - a staff of conjuration (weapon)
Jewellery
 i - a +6 ring of intelligence (left hand)
 j - a ring of willpower
 k - the amulet "Ytusirul" (around neck) {Reflect rPois Dex+3 SH+5}
   (You acquired it on level 5 of the Dungeon)

   [amulet of reflection]

   Reflect:   It reflects blocked missile attacks.
   Dex+3:     It affects your dexterity (+3).
   rPois:     It protects you from poison SH+5: It affects your SH (+5).
 m - a ring of poison resistance
 n - a ring of ice
 y - an amulet of guardian spirit
 H - the ring "Piown" (right hand) {Will++ rCorr Dex+6}
   (You acquired it on level 7 of the Dungeon)

   [ring of dexterity]

   Dex+6:     It affects your dexterity (+6).
   Will++:    It greatly increases your willpower.
   rCorr:     It protects you from acid and corrosion.
Talismans
 q - a maw talisman
Wands
 f - a wand of iceblast (6)
 A - a wand of digging (5)
 G - a wand of paralysis (9)
 K - a wand of mindburst (10)
Scrolls
 c - 2 scrolls of fog
 d - 3 scrolls of teleportation
 g - a scroll of fear
 p - 2 scrolls of identify
 x - a scroll of butterflies
 C - 2 scrolls of revelation
Potions
 b - 2 potions of magic
 e - 7 potions of curing
 h - 2 potions of attraction
 o - 2 potions of brilliance
 s - a potion of cancellation
 t - 3 potions of invisibility
 v - a potion of lignification
 w - 3 potions of heal wounds
 z - 4 potions of mutation
 F - a potion of haste
 I - 2 potions of might
 N - a potion of berserk rage


   Skills:
 + Level 12.8 Dodging
 - Level 2.4 Stealth
 + Level 13.7 Spellcasting
 + Level 12.2 Conjurations


You had 25 spell levels left.
You knew the following spells:

 Your Spells              Type           Power      Damage    Failure   Level
a - Magic Dart            Conj           100%       1d8       0%          1
b - Searing Ray           Conj           100%       2d8       0%          2
c - Call Imp              Summ           46%        N/A       2%          2
d - Iskenderun's Mystic   Conj/Tloc      78%        2d16      1%          4
e - Stone Arrow           Conj/Erth      100%       3d13      1%          3

Your spell library contained the following spells:

 Spells                   Type           Power      Damage    Failure   Level
 Volatile Blastmotes      Fire/Tloc      46%        2d13      1%          3
 Sting                    Tmut/Pois      92%        1d7       1%          1
 Poisonous Vapours        Pois/Air       46%        N/A       1%          2
 Dazzling Flash           Conj/Hex       100%       N/A       1%          3
 Mephitic Cloud           Conj/Pois/Air  67%        N/A       1%          3
 Fulminant Prism          Conj/Hex       39%        3d17      1%          4
 Olgreb's Toxic Radiance  Pois           23%        N/A       5%          4


Dungeon Overview and Level Annotations

Branches:
Dungeon (10/15)            Temple (1/1) D:4           Sewer (visited)
 Bailey (visited)
   Lair: D:8-11         Orc: D:9-12

Altars:
Ashenzari
Cheibriados
Dithmenos
Elyvilon
Fedhas
Gozag
Hepliaklqana
Kikubaaqudgha
Makhleb
Nemelex Xobeh
Okawaru
Qazlal
Ru
Sif Muna
Uskayaw
Vehumet
Xom
Yredelemnul
Zin
The Shining One


Message History

Vehumet accepts your kill.
You feel your power returning.
You feel a surge of power!
The stone arrow misses the orc.
You feel a surge of power!
The stone arrow hits the orc!!
You kill the orc!
Vehumet accepts your kill.
You feel a surge of power!
The stone arrow misses the orc.
You feel a surge of power!
The stone arrow hits the orc!!
You kill the orc!
Vehumet accepts your kill.
Vehumet offers you knowledge of Volatile Blastmotes.
Okay, then.
Found a dagger.
There is an open door here.
You see here a +0 whip.
Items here: )) [[ †.
You now have 489 gold pieces (gained 13).
You now have 505 gold pieces (gained 16).
You see here a +0 dagger.
You open the door.
There is an open door here.
You open the door.
There is an open door here.
You open the door.
There is an open door here.
d - 3 scrolls of teleportation (gained 1)
A wizard comes into view. It is wielding a +0 dagger.
Found a scroll of identify.
The wizard shouts!
The wizard casts a spell at you.
The fireball explodes!
The fireball engulfs you!!
You feel a surge of power!
The stone arrow hits the wizard!
The wizard is moderately wounded.
You feel a surge of power!
The stone arrow hits the wizard!!
The wizard is severely wounded.
You feel a surge of power!
The stone arrow misses the wizard.
The wizard gestures at you while chanting.
The fireball explodes!
The fireball engulfs you!!!
Ouch! That really hurt!
You die...

######
#?#:#:#?##.#######
#.........##.#
#.........##.#
#.........##.#
#.........#..#
#.........'.##
#.........###
#...p.....#
#......@..#
#.........#
#?#?#:#:#.# #
#######


You could see a wizard.

Vanquished Creatures
  2 vault guards (Bailey)
  A two-headed ogre (D:8)
  Erica (D:8)
  2 death yaks (D:9)
  A cyclops (D:9)
  Maggie (D:8)
  A troll (D:9)
  Prince Ribbit (Bailey)
  A wraith (D:10)
  A shadow (D:9)
  4 yaks (D:7)
  10 humans (Bailey)
  3 steam dragons
  Edmund (D:6)
  3 water moccasins
  3 orc warriors
  2 sky beasts
  An ogre (D:5)
  A centaur (D:10)
  A kobold brigand (D:9)
  11 bullfrogs
  2 scorpions (D:5)
  4 killer bees (D:9)
  4 wights (D:7)
  2 howler monkeys
  4 centaur zombies (D:7)
  2 orc priests
  A gnoll bouda (D:4)
  3 hounds
  A jelly (D:5)
  Crazy Yiuf (D:6)
  Jessica (D:2)
  2 iguanas
  9 orc wizards
  A hell rat (D:10)
  Terence (D:2)
  9 gnolls
  10 adders
  11 river rats
  A shadow imp (D:7)
  A white imp (D:6)
  An ufetubus (D:5)
  A worm (D:3)
  A dart slug (D:3)
  27 orcs
  17 ball pythons
  9 bats
  5 endoplasms
  5 giant cockroaches
  12 goblins
  6 hobgoblins
  3 jackals (D:4)
  20 kobolds
  3 quokkas
  6 frilled lizards
  24 rats
262 creatures vanquished.

Vanquished Creatures (collateral kills)
  A sleepcap (D:5)
  2 kobolds (Sewer)
3 creatures vanquished.

Vanquished Creatures (others)
  A kobold (D:9)
1 creature vanquished.

Grand Total: 266 creatures vanquished

Notes
Turn   | Place    | Note
-------+----------+-------------------------------------------
     0 | D:1      | senseless the Deep Elf Conjurer began the quest for the
                  | Orb.
     0 | D:1      | Reached XP level 1. HP: 10/10 MP: 6/6
   253 | D:1      | Reached XP level 2. HP: 15/15 MP: 6/8
  1007 | D:1      | Learned a level 2 spell: Searing Ray
  1008 | D:2      | Noticed Jessica
  1010 | D:2      | Killed Jessica
  1011 | D:2      | Reached skill level 4 in Spellcasting
  1011 | D:2      | Reached XP level 3. HP: 19/19 MP: 5/10
  1178 | D:2      | Reached skill level 5 in Conjurations
  1200 | D:2      | Found a faded altar of an unknown god.
  1378 | D:2      | Reached XP level 4. HP: 24/24 MP: 9/12
  1380 | D:2      | Noticed Terence
  1387 | D:2      | Killed Terence
  2189 | D:3      | Found a sparkling altar of Nemelex Xobeh.
  2564 | D:3      | Reached XP level 5. HP: 28/28 MP: 11/14
  2865 | D:4      | Reached skill level 5 in Spellcasting
  2994 | D:4      | Found a staircase to the Ecumenical Temple.
  3001 | Temple   | Entered the Ecumenical Temple
  3033 | Temple   | Became a worshipper of Vehumet
  3262 | D:4      | Found a snail-covered altar of Cheibriados.
  3285 | D:4      | Reached skill level 5 in Dodging
  3285 | D:4      | Reached XP level 6. HP: 32/32 MP: 2/16
  3617 | D:4      | Reached * piety under Vehumet
  3617 | D:4      | Offered knowledge of Sandblast by Vehumet.
  3894 | D:4      | Learned a level 2 spell: Call Imp
  3895 | D:5      | Entered Level 5 of the Dungeon
  3903 | D:5      | Reached skill level 6 in Spellcasting
  3916 | D:5      | Found a stormy altar of Qazlal.
  3938 | D:5      | Identified a scroll of acquirement
  3938 | D:5      | Acquired the amulet "Ytusirul" {Reflect rPois Dex+3 SH+5}
  3956 | D:5      | Reached XP level 7. HP: 30/36 MP: 8/18
  4180 | D:5      | Found a shimmering altar of Xom.
  4382 | D:5      | Found a blossoming altar of Fedhas.
  4710 | D:6      | Reached skill level 7 in Spellcasting
  4928 | D:6      | Found a white marble altar of Elyvilon.
  5039 | D:6      | Found a glowing drain.
  5045 | Sewer    | Entered a sewer
  5485 | Sewer    | Offered knowledge of Kiss of Death by Vehumet.
  5618 | Sewer    | Reached ** piety under Vehumet
  6101 | D:6      | Found a broken altar of Ashenzari.
  6183 | D:6      | Noticed a steam dragon
  6194 | D:6      | Killed a steam dragon
  6195 | D:6      | Reached XP level 8. HP: 41/41 MP: 10/21
  6530 | D:6      | Noticed Edmund
  6542 | D:6      | Killed Edmund
  6548 | D:6      | Reached skill level 8 in Spellcasting
  6924 | D:6      | Found a runed translucent door.
  6925 | D:6      | Noticed Crazy Yiuf
  6932 | D:6      | Killed Crazy Yiuf
  7077 | D:7      | Learned a level 4 spell: Iskenderun's Mystic Blast
  7449 | D:7      | Acquired the ring "Piown" {Will++ rCorr Dex+6}
  7488 | D:7      | Reached skill level 9 in Spellcasting
  7496 | D:7      | Reached XP level 9. HP: 38/45 MP: 11/24
  8003 | D:7      | Reached skill level 10 in Spellcasting
  8536 | D:8      | Offered knowledge of Stone Arrow by Vehumet.
  8618 | D:8      | Learned a level 3 spell: Stone Arrow
  8718 | D:8      | Noticed Maggie
  8725 | D:8      | Killed Maggie
  8809 | D:8      | Found a glowing golden altar of the Shining One.
  8823 | D:8      | Reached skill level 10 in Dodging
  8825 | D:8      | Reached *** piety under Vehumet
  9117 | D:8      | Noticed a two-headed ogre
  9122 | D:8      | Killed a two-headed ogre
  9123 | D:8      | Reached skill level 11 in Spellcasting
  9123 | D:8      | Reached skill level 10 in Conjurations
  9123 | D:8      | Reached XP level 10. HP: 50/50 MP: 18/27
  9183 | D:8      | Noticed Erica
  9188 | D:8      | Killed Erica
  9577 | D:9      | Found a flagged portal.
  9600 | Bailey   | Entered a bailey
  9737 | Bailey   | Reached skill level 12 in Spellcasting
  9856 | Bailey   | Offered knowledge of Ignite Poison by Vehumet.
 10134 | Bailey   | Noticed Prince Ribbit
 10215 | Bailey   | Noticed a vault guard
 10231 | Bailey   | Killed Prince Ribbit
 10291 | Bailey   | Killed a vault guard
 10449 | Bailey   | Noticed a vault guard
 10458 | Bailey   | Killed a vault guard
 10459 | Bailey   | Reached skill level 13 in Spellcasting
 10459 | Bailey   | Reached XP level 11. HP: 52/54 MP: 13/30
 10851 | D:9      | Found a sacrificial altar of Ru.
 10890 | D:9      | Found an iron altar of Okawaru.
 10890 | D:9      | Found a basalt altar of Yredelemnul.
 11193 | D:9      | Found a hazy altar of Hepliaklqana.
 11216 | D:9      | Found an opulent altar of Gozag.
 11355 | D:10     | Entered Level 10 of the Dungeon
 11356 | D:10     | Noticed a death yak
 11358 | D:10     | Noticed a death yak
 11363 | D:10     | Noticed a death yak
 11376 | D:9      | HP: 2/54 [death yak (5)]
 11607 | D:9      | Killed a death yak
 11612 | D:9      | Killed a death yak
 11612 | D:9      | Reached **** piety under Vehumet
 11821 | D:10     | Offered knowledge of Volatile Blastmotes by Vehumet.
 11956 | D:10     | Noticed a wizard
 11960 | D:10     | Killed from afar by a wizard

Illustrated notes

Levels and vault maps discovered:
D:1:      dpeg_arrival_rooms_with_view, layout_loops_ring
D:2:      layout_rooms, nicolae_ecumenical_lake_church, grunt_ministairs_7,
          uniq_terence, uniq_jessica
D:3:      layout_loops_ring, nemelex_xobeh_ov_fountains_minmay,
          minmay_snake_closets
D:4:      layout_basic, cheibriados_altar_1, minmay_temple_entry_wispy
D:5:      layout_cave_pools, fedhas_altar_4, xom_teletrap_fun,
          amcnicky_altar_gilded
D:6:      layout_basic, old_standard_altar, nicolae_ashenzari_panopticon,
          portal_sewer_entry_e, uniq_edmund, uniq_crazy_yiuf_cottage
D:7:      layout_loops_cross, serial_undead, serial_undead_a, serial_undead_b,
          serial_undead_c, serial_undead_e, st_stairs_10
D:8:      layout_loops_ring, tso_oasis_becter, uniq_maggie, uniq_erica
D:9:      layout_small_grid, mainiacjoe_overflow_alcove_4,
          mainiacjoe_overflow_concentric_impassable,
          mainiacjoe_overflow_alcove_1, gammafunk_temple_overflow_elements,
          enter_bailey_3
D:10:     layout_roguey, trog_antimagical, mainiacjoe_overflow_small_starburst,
          dpeg_lair_monsters, minmay_librarian, uniq_maurice, uniq_fannar,
          uniq_gastronok
Temple:   nicolae_temple_great_sept

Skill      XL: |  1  2  3  4  5  6  7  8  9 10 11 |
---------------+----------------------------------+-----
Dodging        | 3 4 5 7 8 10 12 | 12.8
Spellcasting   | 4 5 6 7 9 11 13 | 13.7
Conjurations   | 5 6 7 8 10 11 12 | 12.2
Stealth        | |  2.4

Action                     |  1- 3 |  4- 6 |  7- 9 | 10-12 || total
---------------------------+-------+-------+-------+-------++-------
  Melee: Short sword       |     7 |     9 |       |       ||    16
         Punch             |     1 |       |       |       ||     1
         Long sword        |       |     2 |     1 |       ||     3
         Staff             |       |       |     5 |    20 ||    25
  Throw: Dart              |       |     1 |       |       ||     1
   Cast: Magic Dart        |    57 |   108 |   227 |     5 ||   397
         Searing Ray       |     1 |    10 |    24 |    12 ||    47
         Call Imp          |       |     1 |    12 |     3 ||    16
         Stone Arrow       |       |       |    18 |   108 ||   126
         Iskenderun's Myst |       |       |     9 |     8 ||    17
    Use: Scroll            |       |    12 |     9 |     8 ||    29
         Potion            |       |       |       |     3 ||     3
 Armour: Robe              |     7 |    20 |    16 |       ||    43
         Steam dragon scal |       |       |    22 |    47 ||    69
  Dodge: Dodged            |     6 |    20 |    53 |    77 ||   156
  Block: Other             |       |       |    16 |    16 ||    32
         Reflection        |       |       |     1 |     1 ||     2

Table legend: (Time is in decaauts)
 A = Elapsed time spent in this place.
 B = Non-inter-level travel time spent in this place.
 C = Inter-level travel time spent in this place.
 D = Time resting spent in this place.
 E = Time spent auto-exploring this place.
 F = Levels seen in this place.
 G = Mean time per level.
                   A        B        C        D        E       F      G
               +--------+--------+--------+--------+--------+-----+--------+
         Total |  11987 |  11567 |    420 |    325 |   9637 |  13 |  922.1 |
       Dungeon |   9933 |   9521 |    412 |    141 |   8181 |  10 |  993.3 |
        Temple |     41 |     33 |      8 |      0 |      0 |   1 |   41.0 |
         Sewer |   1023 |   1023 |      0 |      0 |    808 |   1 | 1023.0 |
        Bailey |    989 |    989 |      0 |    184 |    648 |   1 |  989.0 |
               +--------+--------+--------+--------+--------+-----+--------+

Top non-repeatable levels by time:
     D:7: 1328 daAuts
     D:6: 1310 daAuts
     D:9: 1226 daAuts
     D:8: 1177 daAuts
     D:3: 1101 daAuts
     D:4: 1090 daAuts
   Sewer: 1023 daAuts
     D:1: 1005 daAuts
  Bailey: 989 daAuts
     D:5: 797 daAuts
     D:2: 657 daAuts
    D:10: 237 daAuts
  Temple: 41 daAuts
